 Dungeon Sprint DCSS version 0.31-a0-986-g5e6e4ef867 (webtiles) character file.

Game seed: 988755002545870388

7197 sircluck the Brawler (level 10, -11/178 HPs)
             Began as a Troll Berserker on Nov 17, 2023.
             Was an Elder of Trog.
             Mangled by a spriggan defender
             ... wielding a +2 demon whip of electrocution
              (27 damage)
             ... in the Dungeon (Sprint IV: "Fedhas' Mad Dash").
             The game lasted 00:03:42 (1115 turns).

sircluck the Brawler (Troll Berserker)              Turns: 1115, Time: 00:03:42

Health: -11/178    AC:  4    Str: 33    XL:     10   Next: 87%
Magic:  9/9        EV: 13    Int:  5    God:    Trog [****..]
Gold:   268        SH:  0    Dex:  9    Spells: 9/9 levels left

rFire   + +          .
                       - Unarmed
rCold   x . .        (no shield)
rNeg    . . .        a - +0 animal skin
rPois   +            (helmet restricted)
rElec   .            (no cloak)
rCorr   +            (gloves unavailable)
SInv    +            (boots unavailable)
Will    .....        h - amulet of invisibility {+Inv} Stlth
                     k - ring "Emoro" {Fire Str+2}
HPRegen 1.29/turn    m - ring of the Hairy Guava {rPois rF+ rCorr Int+2 SInv}
MPRegen 0.11/turn

%: no teleportation
@: berserking, very quick
A: large, unfitting armour, claws 3, regeneration 1, shaggy fur 1, tough skin 1
a: Renounce Religion, Evoke Invisibility, Berserk, Trog's Hand, Brothers in Arms


You were in the Dungeon.
You worshipped Trog.
Trog was greatly pleased with you.
You visited 1 branch You collected 268 gold pieces.

Inventory:

Armour
 a - a +0 animal skin (worn)
Jewellery
 h - the amulet of invisibility (around neck) {+Inv}
   (You found it in the Dungeon)

   [amulet of nothing]

   +Inv:      It lets you turn invisible.
 k - the ring "Emoro" (left claw) {Fire Str+2}
   (You found it in the Dungeon)

   [ring of fire]

   Fire:      It enhances your fire magic.
   Str+2:     It affects your strength (+2).
   rF+:       It protects you from fire.
   rC-:       It makes you vulnerable to cold.
 m - the ring of the Hairy Guava (right claw) {rPois rF+ rCorr Int+2 SInv}
   (You found it in the Dungeon)

   [ring of protection from fire]

   Int+2:     It affects your intelligence (+2).
   rF+:       It protects you from fire.
   rPois:     It protects you from poison SInv: It lets you see invisible.
   rCorr:     It protects you from acid and corrosion.
Scrolls
 g - a scroll of blinking
 i - a scroll of enchant weapon
 j - 2 scrolls of identify
Potions
 b - 2 potions of curing
 c - 3 potions of heal wounds
 d - a potion of haste
 e - 2 potions of magic
 f - a potion of berserk rage
Miscellaneous
 l - a lightning rod (4/4)


   Skills:
 + Level 13.3 Fighting
 + Level 13.2 Dodging
 + Level 15.5 Unarmed Combat


You had 9 spell levels left.
You didn't know any spells.
Your spell library was empty.

Dungeon Overview and Level Annotations

Branches:
Dungeon (1/1)

Altars:
Cheibriados
Dithmenos
Elyvilon
Gozag
Hepliaklqana
Kikubaaqudgha
Makhleb
Nemelex Xobeh
Okawaru
Qazlal
Ru
Sif Muna
Trog
Uskayaw
Vehumet
Wu Jian
Xom
Yredelemnul
Zin
The Shining One
Jiyva
Lugonu

Shops:
D ::((([:?


Innate Abilities, Weirdness & Mutations

You are too large for most types of armour.
You have claws for hands.
Your natural rate of healing is unusually fast.
You are covered in fur. (AC +1)
You have tough skin. (AC +1)


Message History

The spriggan defender closely misses your two-headed ogre.
The spriggan defender blocks your two-headed ogre's attack.
Your two-headed ogre closely misses the spriggan defender.
Unknown command.
The spriggan defender hits your two-headed ogre with a +2 demon whip of electrocution!
The spriggan defender closely misses your two-headed ogre.
Your two-headed ogre completely misses the spriggan defender.
The spriggan defender blocks your two-headed ogre's attack.
Unknown command.
Unknown command.
The spriggan defender hits your two-headed ogre with a +2 demon whip of electrocution!
Your two-headed ogre completely misses the spriggan defender.
Your two-headed ogre misses the spriggan defender.
Unknown command.
The spriggan defender hits your two-headed ogre with a +2 demon whip of electrocution!!
Your two-headed ogre dies!
Your two-headed ogre's corpse disappears in a puff of smoke!
You completely miss the spriggan defender.
The spriggan defender is severely wounded.
The spriggan defender hits you with a +2 demon whip of electrocution!
* * * LOW HITPOINT WARNING * * *
Unknown command.
A red film seems to cover your vision as you go berserk!
You feel yourself moving faster!
You feel mighty!
The spriggan defender hits you but does no damage.
The spriggan defender hits you with a +2 demon whip of electrocution!!
* * * LOW HITPOINT WARNING * * *
The spriggan defender blocks your attack.
Your claw misses the spriggan defender.
The spriggan defender is severely wounded.
You scratch the spriggan defender but do no damage.
The spriggan defender is severely wounded.
The spriggan defender hits you with a +2 demon whip of electrocution.
* * * LOW HITPOINT WARNING * * *
You are electrocuted!
* * * LOW HITPOINT WARNING * * *
The spriggan defender blocks your attack.
The spriggan defender is severely wounded.
The spriggan defender hits you with a +2 demon whip of electrocution!!
You die...

###############....[.###)....♣.#
♣♣.)♣(###.'..'.......'.)...♣..∩#
..♣..♣##:.#..#.......###########
♣♣.♣..###.##)##......#
)♣...♣'...#♣)♣########
###########.....####
#..♣..♣....###
#...♣......♣...♣###
......♣....@i.∩...)#
####################


You could see a spriggan defender.

Vanquished Creatures
  A demonic crawler (D)
  3 oklob plants (D)
  3 burning bushes (D)
  A queen bee (D)
  A hornet (D)
  3 wandering mushrooms (D)
  3 scorpions (D)
  4 killer bees (D)
  4 oklob saplings (D)
  5 spriggans (D)
  A river rat (D)
  A rat (D)
  A ballistomycete spore (D)
31 creatures vanquished.

Vanquished Creatures (collateral kills)
  Agnes (D)
  A spriggan berserker (D)
  A spriggan druid (D)
  3 oklob plants (D)
  An oklob sapling (D)
7 creatures vanquished.

Grand Total: 38 creatures vanquished

Notes
Turn   | Place    | Note
-------+----------+-------------------------------------------
     0 | D        | sircluck the Troll Berserker began the quest for the Orb.
     0 | D        | Reached XP level 1. HP: 22/22 MP: 0/0
     8 | D        | Reached XP level 2. HP: 22/31 MP: 1/1
    21 | D        | Noticed an oklob sapling
    25 | D        | Killed an oklob sapling
    25 | D        | Reached ** piety under Trog
    26 | D        | Reached skill level 4 in Unarmed Combat
    26 | D        | Reached XP level 3. HP: 39/39 MP: 2/2
    27 | D        | Noticed a scorpion
    27 | D        | Found the amulet of invisibility {+Inv}
    37 | D        | Killed a scorpion
    38 | D        | Reached skill level 5 in Unarmed Combat
    38 | D        | Reached XP level 4. HP: 38/49 MP: 3/3
    59 | D        | Reached skill level 5 in Fighting
    59 | D        | Reached skill level 5 in Dodging
    59 | D        | Reached skill level 6 in Unarmed Combat
    78 | D        | Found an opulent altar of Gozag.
    78 | D        | Found a hazy altar of Hepliaklqana.
    78 | D        | Found a burning altar of Makhleb.
    78 | D        | Found a sparkling altar of Nemelex Xobeh.
    78 | D        | Found a snail-covered altar of Cheibriados.
    78 | D        | Found a sacrificial altar of Ru.
    78 | D        | Found a shimmering blue altar of Sif Muna.
    78 | D        | Found a shimmering altar of Xom.
    78 | D        | Found a basalt altar of Yredelemnul.
    80 | D        | Found a viscous altar of Jiyva.
    80 | D        | Found a bloodstained altar of Trog.
    80 | D        | Found an ornate altar of the Wu Jian Council.
    81 | D        | Found an iron altar of Okawaru.
    81 | D        | Found a glowing silver altar of Zin.
    81 | D        | Found a shadowy altar of Dithmenos.
    82 | D        | Found a hide-covered altar of Uskayaw.
    82 | D        | Found an ancient bone altar of Kikubaaqudgha.
    83 | D        | Found a stormy altar of Qazlal.
    83 | D        | Found a glowing golden altar of the Shining One.
    83 | D        | Found a white marble altar of Elyvilon.
    84 | D        | Found a radiant altar of Vehumet.
    84 | D        | Found a corrupted altar of Lugonu.
    89 | D        | Reached XP level 5. HP: 59/59 MP: 4/4
   105 | D        | Reached *** piety under Trog
   106 | D        | Reached skill level 7 in Unarmed Combat
   133 | D        | Reached **** piety under Trog
   134 | D        | Reached skill level 8 in Unarmed Combat
   134 | D        | Reached XP level 6. HP: 55/68 MP: 5/5
   145 | D        | Found Ofuw's Book Shop.
   145 | D        | Found Dolyz's Book Emporium.
   154 | D        | Noticed a burning bush
   154 | D        | Noticed a wandering mushroom
   155 | D        | Noticed a wandering mushroom
   307 | D        | Killed a wandering mushroom
   308 | D        | Reached skill level 9 in Unarmed Combat
   325 | D        | Killed a wandering mushroom
   326 | D        | Reached XP level 7. HP: 57/80 MP: 6/6
   454 | D        | Killed a burning bush
   455 | D        | Reached skill level 10 in Unarmed Combat
   465 | D        | Found Belo's Armour Emporium.
   465 | D        | Found Uxadeg's Antique Weapon Shoppe.
   469 | D        | Identified the ring "Emoro" {Fire Str+2}
   515 | D        | Noticed a queen bee
   534 | D        | Reached ***** piety under Trog
   541 | D        | Killed a queen bee
   542 | D        | Reached XP level 8. HP: 53/92 MP: 7/7
   546 | D        | Reached skill level 11 in Unarmed Combat
   634 | D        | Noticed an oklob plant
   638 | D        | Killed an oklob plant
   639 | D        | Reached skill level 10 in Fighting
   655 | D        | Noticed a burning bush
   661 | D        | Killed a burning bush
   661 | D        | Received a gift from Trog
   662 | D        | Reached skill level 10 in Dodging
   675 | D        | Noticed a burning bush
   675 | D        | Noticed an oklob plant
   678 | D        | Noticed a wandering mushroom
   680 | D        | Killed a burning bush
   681 | D        | Reached skill level 12 in Unarmed Combat
   681 | D        | Reached XP level 9. HP: 86/102 MP: 8/8
   690 | D        | Killed a wandering mushroom
   723 | D        | Killed an oklob plant
   725 | D        | Reached skill level 13 in Unarmed Combat
   749 | D        | Noticed a spriggan druid
   752 | D        | Killed a spriggan druid
   770 | D        | Noticed an oklob plant conjurer
   803 | D        | Killed an oklob plant conjurer
   826 | D        | Noticed an oklob plant
   826 | D        | Noticed an oklob plant summoner
   843 | D        | Noticed an oklob plant shifter
   851 | D        | Killed an oklob plant
   852 | D        | Reached XP level 10. HP: 115/115 MP: 9/9
   853 | D        | Killed an oklob plant summoner
   854 | D        | Reached skill level 14 in Unarmed Combat
   855 | D        | Killed an oklob plant shifter
   864 | D        | Noticed a demonic crawler
   868 | D        | Killed a demonic crawler
   871 | D        | Noticed a spriggan rider
   872 | D        | Found Zogoneiki's Book Emporium.
   892 | D        | Received a gift from Trog
   895 | D        | Found Noaruto's Magic Scroll Shoppe.
  1055 | D        | Identified the ring of the Hairy Guava {rPois rF+ rCorr
                  | Int+2 SInv}
  1077 | D        | Noticed Agnes
  1080 | D        | Killed Agnes
  1081 | D        | Reached skill level 15 in Unarmed Combat
  1082 | D        | Noticed a spriggan berserker
  1085 | D        | Killed a spriggan berserker
  1089 | D        | Found Decal's Weapon Emporium.
  1091 | D        | Found Tigusog's Weapon Shoppe.
  1096 | D        | Noticed a spriggan defender
  1115 | D        | Mangled by a spriggan defender

Illustrated notes

Levels and vault maps discovered:
D:        dungeon_sprint_fedhas [sprint_temple]

Skill      XL: |  1  2  3  4  5  6  7  8  9 10 |
---------------+-------------------------------+-----
Fighting       | 3 4 5 6 8 9 10 11 13 | 13.3
Dodging        | 3 4 5 6 8 9 10 11 13 | 13.2
Unarmed Combat | 4 5 6 8 9 10 12 13 15 | 15.5

Action                     |  1- 3 |  4- 6 |  7- 9 | 10-12 || total
---------------------------+-------+-------+-------+-------++-------
  Melee: Unarmed           |    14 |    35 |    46 |    28 ||   123
         Punch             |       |     1 |     5 |       ||     6
 Invoke: Berserk           |       |       |     1 |     2 ||     3
         Brothers in Arms  |       |       |     3 |     2 ||     5
Ability: Evoke Invisibilit |       |     2 |     1 |       ||     3
  Evoke: Lightning rod     |       |       |     1 |       ||     1
    Use: Scroll            |       |       |     1 |       ||     1
   Stab: Sleeping          |       |     1 |       |       ||     1
         Invisible         |       |     2 |     1 |       ||     3
         Distracted        |       |       |       |     1 ||     1
 Armour: Animal skin       |     7 |    16 |    32 |    23 ||    78
  Dodge: Dodged            |     3 |    13 |    35 |    10 ||    61

Table legend: (Time is in decaauts)
 A = Elapsed time spent in this place.
 B = Non-inter-level travel time spent in this place.
 C = Inter-level travel time spent in this place.
 D = Time resting spent in this place.
 E = Time spent auto-exploring this place.
 F = Levels seen in this place.
 G = Mean time per level.
                   A        B        C        D        E       F      G
               +--------+--------+--------+--------+--------+-----+--------+
         Total |   1104 |   1091 |     13 |    537 |    110 |   1 | 1104.0 |
       Dungeon |   1104 |   1091 |     13 |    537 |    110 |   1 | 1104.0 |
               +--------+--------+--------+--------+--------+-----+--------+

Top non-repeatable levels by time:
       D: 1104 daAuts
